 Dungeon Crawl Stone Soup version 0.30.0-10-gfe55d96785 (webtiles) character file.

Game seed: 10157846311627225564

2102 ProzacElf the Carver (level 9, 0/63 HPs)
             Began as a Demonspawn Gladiator on May 14, 2023.
             Killed by an exploding white imp (31 damage)
             ... ignited by their inner flame
             ... on level 8 of the Dungeon.
             The game lasted 00:14:22 (6840 turns).

ProzacElf the Carver (Demonspawn Gladiator)         Turns: 6840, Time: 00:14:23

Health: 0/63       AC:  7    Str: 18    XL:     9   Next: 7%
Magic:  0/9        EV: 12    Int:  9    God:
Gold:   350        SH:  6    Dex: 16    Spells: 8/8 levels left

rFire   . . .        a - +0 scimitar (drain)
rCold   . . .        (no shield)
rNeg    . . .        v - +0 scale mail
rPois   .            (helmet restricted)
rElec   .            (no cloak)
rCorr   .            (no gloves)
SInv    .            (no boots)
Will    .....        r - amulet of guardian spirit Stlth
                     (no ring)
HPRegen 0.30/turn    (no ring)
MPRegen 0.11/turn

%: guardian spirit
@: mighty, lethally poisoned (0 -> -2)
A: horns 1, large bone plates 2, powered by pain 1, condensation shield
a: no special abilities


You were on level 8 of the Dungeon.
You visited 2 branches of the dungeon, and saw 9 of its levels.

You collected 350 gold pieces.

Inventory:

Hand Weapons
 a - a +0 scimitar of draining (weapon)
 b - a +1 short sword of draining
 g - a +0 flail
 m - a +0 dire flail of protection
 J - a +3 battleaxe of freezing
 K - a +1 falchion of freezing
 P - a +4 falchion
Missiles
 d - a throwing net
 e - a javelin
 M - 6 poisoned darts (quivered)
Armour
 c - a +0 helmet
 h - a +0 ring mail
 v - a +0 scale mail (worn)
 w - a +0 leather armour
 D - a scarf of harm
 G - a +0 plate armour
Jewellery
 f - a +6 ring of strength
 r - an amulet of guardian spirit (around neck)
Wands
 s - a wand of acid (3)
 L - a wand of polymorph (9)
Scrolls
 p - 2 scrolls of fear
 u - a scroll of teleportation
 x - a scroll of summoning
 y - a scroll of immolation
 C - a scroll of vulnerability {unknown}
 E - a scroll of poison {unknown}
 H - a scroll of brand weapon {unknown}
 O - a scroll of enchant armour {unknown}
Potions
 k - 3 potions of curing
 n - 2 potions of haste {unknown}
 o - 2 potions of berserk rage
 q - 2 potions of magic
 t - 2 potions of heal wounds
 z - 2 potions of might
 A - a potion of ambrosia {!e}
 B - a potion of mutation
 F - a potion of lignification {unknown}
 I - a potion of brilliance
 N - a potion of resistance {unknown}


   Skills:
 + Level 3.0 Fighting
 + Level 8.3 Long Blades
 - Level 2.7 Maces & Flails
 - Level 2.0 Throwing
 - Level 5.0 Armour
 - Level 5.0 Dodging


You had 8 spell levels left.
You didn't know any spells.
Your spell library contained the following spells:

 Spells                   Type           Power      Damage    Failure   Level
 Foxfire                  Conj/Fire      0%         2x1d4     77%         1
 Blink                    Tloc           0%         N/A       88%         2
 Lesser Beckoning         Tloc           0%         N/A       88%         2
 Momentum Strike          Conj/Tloc      0%         3d8       88%         2
 Fireball                 Conj/Fire      0%         3d3       100%        5
 Plasma Beam              Fire/Air       0%         2x1d11    100%        6
 Starburst                Conj/Fire      0%         6d3       100%        6


Dungeon Overview and Level Annotations

Branches:
Dungeon (8/15)             Temple (1/1) D:7
   Lair: D:8-11

Altars:
Cheibriados
Dithmenos
Fedhas
Gozag
Ru
Trog
Vehumet
Wu Jian
Xom
Yredelemnul


Innate Abilities, Weirdness & Mutations

You have a pair of small horns on your head.
You are mostly covered in large bone plates. (SH +6)
You sometimes gain a little power by taking damage.
A meltable shield of frost defends you. (SH +0)


Message History

Yer orc 'splodes!
Tha fiery 'splosion 'ngulfs ye!!
Yer condensation shield dissipates!
Ye focus on tha pain.
Ye feel very mighty all o' a sudd'n.
Tha fiery 'splosion 'ngulfs tha hornet!
Tha hornet be severely wounded.
Tha hornet be 'ngulfed in blazin' flames.
Ye take 25 damage, an' haf 30/56 hp.
MASSIVE DAMAGE!!
Ye now haf 5/8 mp.
Ye swap places.
Ye feel yerself speed up.
Ye feel sick.
Tha hornet be 'ngulfed in blazin' flames.
Ye kill tha hornet!
Yer orc warrior be 'ngulfed in blazin' flames.
Flame seeps outta yer orc warrior.
Yer orc warrior be 'ngulfed in blazin' flames.
Flame seeps outta yer orc warrior.
Yer Fightin' skill increases ta level 3!
Ye haf reached level 9!
Yer 'sperience leads ta an increase in yer attributes!
Increase (S)tr'ngth, (I)ntelligence, or (D)'sterity?
Ye feel agile. x2; Yer demonic ancestry asserts itself...
A pair o' horns grows on yer head!
Yer +0 helmet falls away!
Ye regain'd 2 hp, an' now haf 32/63 hp.
Ye swap places.
Ye feel sick.
Yer orc warrior be 'ngulfed in blazin' flames.
Flame seeps outta yer orc warrior.
Ye swap places.
Ye feel sick.
Yer orc warrior be 'ngulfed in blazin' flames.
Yer orc warrior's corpse dissolves inta shadows!
Yer orc warrior 'splodes!
Tha fiery 'splosion 'ngulfs yer orc!!!
Yer orc's corpse dissolves inta shadows!
Yer orc 'splodes!
Tha fiery 'splosion 'ngulfs yer white imp!!
Yer white imp be burn'd terribly!
Yer white imp dissolves inta shadows!
Yer white imp 'splodes!
Tha fiery 'splosion 'ngulfs ye!!!
Ye die...

* **** *,,, **,** *######
*>,** *.....# *,,,,
#############§....#**,***
#<......@§§§§§....+,,,,,*
#############§....#**,***
*.....# *,**, *****.....#
*,*∩, *,,,,.....# ***⌠,
*,,,,....## **,
*,,,,....# ** *,,,,....#
* *,,,,,,,,*


There were no monsters in sight!

Vanquished Creatures
  A hornet (D:8)
  A water moccasin (D:6)
  2 sky beasts (D:7)
  An ice beast (D:7)
  2 black bears
  An orc warrior (D:5)
  2 ogres
  A centaur (D:7)
  A phantom (D:4)
  A kobold brigand (D:7)
  A bullfrog (D:7)
  2 scorpions (D:5)
  6 wights
  A hound (D:5)
  An orc priest (D:7)
  4 iguanas
  4 orc wizards
  2 adders
  3 worms
  2 dart slugs
  15 orcs
  3 ball pythons
  6 bats
  6 endoplasms
  A giant cockroach (D:3)
  7 goblins
  5 hobgoblins
  2 jackals (D:4)
  7 quokkas
  2 frilled lizards
  3 kobolds
  4 rats
100 creatures vanquished.

Vanquished Creatures (others)
  2 orcs (D:8)
2 creatures vanquished.

Grand Total: 102 creatures vanquished

Notes
Turn   | Place    | Note
-------+----------+-------------------------------------------
     0 | D:1      | ProzacElf the Demonspawn Gladiator began the quest for the
                  | Orb.
     0 | D:1      | Reached XP level 1. HP: 16/16 MP: 1/1
   351 | D:1      | Gained mutation: You are partially covered in large bone
                  | plates. (SH +4) [demonic ancestry]
   351 | D:1      | Reached XP level 2. HP: 22/22 MP: 2/2
   532 | D:2      | Found a faded altar of an unknown god.
   694 | D:2      | Reached skill level 1 in Long Blades
  1448 | D:3      | Found a radiant altar of Vehumet.
  1457 | D:3      | Reached XP level 3. HP: 26/27 MP: 3/3
  1958 | D:4      | Noticed a phantom
  1982 | D:4      | Killed a phantom
  1983 | D:4      | Reached skill level 2 in Long Blades
  1983 | D:4      | Gained mutation: A meltable shield of frost defends you.
                  | (SH +0) [demonic ancestry]
  1983 | D:4      | Reached XP level 4. HP: 11/33 MP: 2/4
  2323 | D:4      | Reached XP level 5. HP: 32/38 MP: 5/5
  2548 | D:4      | Found a bloodstained altar of Trog.
  2577 | D:4      | Reached skill level 3 in Long Blades
  2788 | D:5      | Entered Level 5 of the Dungeon
  2816 | D:5      | Noticed an ogre
  2826 | D:5      | Killed an ogre
  3035 | D:5      | Gained mutation: You sometimes gain a little power by
                  | taking damage. [demonic ancestry]
  3035 | D:5      | Reached XP level 6. HP: 43/44 MP: 6/6
  3206 | D:5      | Reached skill level 4 in Long Blades
  3206 | D:5      | Reached skill level 5 in Dodging
  3375 | D:5      | Reached skill level 5 in Long Blades
  3375 | D:5      | Gained mutation: You are mostly covered in large bone
                  | plates. (SH +6) [demonic ancestry]
  3375 | D:5      | Reached XP level 7. HP: 38/50 MP: 5/7
  4132 | D:5      | Reached skill level 1 in Armour
  5112 | D:6      | Reached skill level 6 in Long Blades
  5139 | D:6      | Reached XP level 8. HP: 52/56 MP: 8/8
  5290 | D:6      | Found a sacrificial altar of Ru.
  5499 | D:7      | Reached skill level 7 in Long Blades
  5985 | D:7      | Found a staircase to the Ecumenical Temple.
  5989 | D:7      | Reached skill level 5 in Armour
  5993 | Temple   | Entered the Ecumenical Temple
  6327 | D:7      | Reached skill level 8 in Long Blades
  6458 | D:7      | Found a shadowy altar of Dithmenos.
  6834 | D:8      | Noticed a hornet
  6838 | D:8      | Killed a hornet
  6839 | D:8      | Gained mutation: You have a pair of small horns on your
                  | head. [demonic ancestry]
  6839 | D:8      | Reached XP level 9. HP: 32/63 MP: 5/9
  6840 | D:8      | Killed by an exploding white imp... ignited by their inner
                  | flame

Illustrated notes

Levels and vault maps discovered:
D:1:      moated_graveyard_arrival, layout_rooms
D:2:      layout_basic, shapermc_ecumenical_altar_venn, kennysheep_small_spiral,
          reono_crystal_passage
D:3:      layout_basic, nicolae_vehumet_altar_sigil, minivault_19
D:4:      layout_loops_ring, trog_butcher_becter
D:5:      layout_basic, hangedman_abyss_or_decor_lesser_grid
D:6:      layout_basic, nicolae_ru_great_annihilating_truth,
          minmay_misc_feat_iff
D:7:      kennysheep_six_static_rooms, layout_basic,
          nicolae_dithmenos_the_darkroom, minmay_temple_entry_proselytizer,
          serial_curves, eino_curves_03, eino_curves_02
D:8:      layout_basic, nicolae_overflow_hallway_of_the_gods, serial_shops,
          nicolae_diamond_shop, enter_ossuary_1, nicolae_shop_dragon_depot,
          lemuel_flamethrower_2, uniq_prince_ribbit1, uniq_erica, uniq_psyche
Temple:   nicolae_temple_superstar

Skill      XL: |  1  2  3  4  5  6  7  8 |
---------------+-------------------------+-----
Throwing       | 2 |  2.0
Dodging        | 3 4 5 |  5.0
Long Blades    | 1 2 3 5 6 8 |  8.3
Armour         | 3 5 |  5.0
Fighting       | 3 |  3.0
Maces & Flails | |  2.7

Action                     |  1- 3 |  4- 6 |  7- 9 || total
---------------------------+-------+-------+-------++-------
  Melee: Falchion          |   109 |   137 |   114 ||   360
         Flail             |     2 |       |       ||     2
         Punch             |     1 |     5 |     4 ||    10
         Dire flail        |     2 |       |    41 ||    43
         Scimitar          |       |       |    77 ||    77
  Throw: Throwing net      |       |     2 |     1 ||     3
    Use: Scroll            |       |    10 |     6 ||    16
         Potion            |       |       |     2 ||     2
   Stab: Held in net/web   |       |     1 |       ||     1
         Paralysed         |       |       |     1 ||     1
 Armour: Ring mail         |    24 |       |       ||    24
         Leather armour    |     1 |       |       ||     1
         Scale mail        |    27 |    42 |    56 ||   125
  Dodge: Dodged            |    70 |    63 |    79 ||   212
  Block: Other             |    17 |    46 |    78 ||   141

Action                     |  1- 3 |  4- 6 |  7- 9 || total
---------------------------+-------+-------+-------++-------
  Melee: Falchion          |   109 |   137 |   114 ||   360
         Flail             |     2 |       |       ||     2
         Punch             |     1 |     5 |     4 ||    10
         Dire flail        |     2 |       |    41 ||    43
         Scimitar          |       |       |    77 ||    77
  Throw: Throwing net      |       |     2 |     1 ||     3
    Use: Scroll            |       |    10 |     6 ||    16
         Potion            |       |       |     2 ||     2
   Stab: Held in net/web   |       |     1 |       ||     1
         Paralysed         |       |       |     1 ||     1
 Armour: Ring mail         |    24 |       |       ||    24
         Leather armour    |     1 |       |       ||     1
         Scale mail        |    27 |    42 |    56 ||   125
  Dodge: Dodged            |    70 |    63 |    79 ||   212
  Block: Other             |    17 |    46 |    78 ||   141

Levels and vault maps discovered:
D:1:      moated_graveyard_arrival, layout_rooms
D:2:      layout_basic, shapermc_ecumenical_altar_venn, kennysheep_small_spiral,
          reono_crystal_passage
D:3:      layout_basic, nicolae_vehumet_altar_sigil, minivault_19
D:4:      layout_loops_ring, trog_butcher_becter
D:5:      layout_basic, hangedman_abyss_or_decor_lesser_grid
D:6:      layout_basic, nicolae_ru_great_annihilating_truth,
          minmay_misc_feat_iff
D:7:      kennysheep_six_static_rooms, layout_basic,
          nicolae_dithmenos_the_darkroom, minmay_temple_entry_proselytizer,
          serial_curves, eino_curves_03, eino_curves_02
D:8:      layout_basic, nicolae_overflow_hallway_of_the_gods, serial_shops,
          nicolae_diamond_shop, enter_ossuary_1, nicolae_shop_dragon_depot,
          lemuel_flamethrower_2, uniq_prince_ribbit1, uniq_erica, uniq_psyche
Temple:   nicolae_temple_superstar
